 Dungeon Crawl Stone Soup version 0.27.0-1-g7a089689b8 (webtiles) character file.

Game seed: 9530112698229436674

96 tilp the Cudgeller (level 4, -3/48 HPs)
             Began as an Ogre Delver on Aug 6, 2021.
             Killed by nerve-wracking pain
             ... invoked by an orc priest
              (9 damage)
             ... on level 2 of the Dungeon.
             The game lasted 00:03:39 (2303 turns).

tilp the Cudgeller (Ogre Delver)                    Turns: 2303, Time: 00:03:39

Health: -3/48      AC:  3    Str: 17    XL:     4   Next: 67%
Magic:  4/4        EV: 10    Int: 11    God:
Gold:   90         SH:  0    Dex: 10    Spells: 3/3 levels left

rFire    . . .     SeeInvis .   b - +0 flail (elec)
rCold    . . .     Faith    .   (no shield)
rNeg     . . .     Spirit   .   k - +0 robe
rPois    .         Reflect  .   (helmet restricted)
rElec    .         Harm     .   (no cloak)
rCorr    .         Rampage  .   (gloves unavailable)
Will     .....                  (boots unavailable)
Stlth    ++........             (no amulet)
HPRegen  0.16/turn              (no ring)
MPRegen  0.09/turn              (no ring)

@: no status effects
A: large, unfitting armour, tough skin 1
a: no special abilities


You were on level 2 of the Dungeon.
You visited 1 branch of the dungeon, and saw 5 of its levels.

You collected 90 gold pieces.

Inventory:

Hand Weapons
 a - a +0 mace
 b - a +0 flail of electrocution (weapon)
 j - a +0 dagger of venom
Armour
 k - a +0 robe (worn)
Wands
 g - a wand of digging (3)
Scrolls
 c - a scroll of fog
 d - a scroll of brand weapon
 e - a scroll of fear
 i - a scroll of amnesia
Potions
 f - a potion of haste
 h - a potion of degeneration {unknown}


   Skills:
 + Level 4.1 Fighting
 * Level 4.1 Maces & Flails
 + Level 1.9 Dodging
 + Level 3.7 Stealth


You had 3 spell levels left.
You didn't know any spells.
Your spell library contained the following spells:

 Spells                   Type           Power      Damage    Failure   Level
 Blade Hands              Tmut           0%         N/A       100%        5
 Irradiate                Conj/Tmut      0%         3d13      100%        5
 Dragon Form              Tmut           0%         N/A       100%        7


Dungeon Overview and Level Annotations

Branches:
Dungeon (5/15)
 Temple: D:4-7

Altars:
Xom

Annotations:
D:2 Sigmund


Innate Abilities, Weirdness & Mutations

You are too large for most types of armour.
You have tough skin. (AC +1)


Message History

Your +0 robe unmelds from your body.
You hear the crackle of electricity.
The orc priest hits you with a +0 flail!
The orc priest hits you with a +0 hand axe.
You climb upwards.
Level annotation: Sigmund Reactivating autopickup.
A hobgoblin comes into view.
There is a stone staircase leading down here.
Unknown command.
The orc priest casts a cantrip, but nothing happens.
You completely miss the orc priest.
The orc priest hits you with a +0 flail!
* * * LOW HITPOINT WARNING * * *
The orc priest hits you with a +0 flail.
* * * LOW HITPOINT WARNING * * *
You sock the orc priest!
The orc priest is severely wounded.
The orc priest hits you with a +0 flail.
* * * LOW HITPOINT WARNING * * *
You barely miss the orc priest.
The orc priest is severely wounded.
The orc priest casts a cantrip, but nothing happens.
Unknown command.
You closely miss the orc priest.
The orc priest is severely wounded.
The orc priest hits you with a +0 flail.
* * * LOW HITPOINT WARNING * * *
Unknown command.
You hit the orc priest.
The orc priest is almost dead.
The orc priest hits you with a +0 flail.
* * * LOW HITPOINT WARNING * * *
The orc priest looks satisfied for a moment.
Unknown command.
You barely miss the orc priest.
The orc priest is almost dead.
The orc priest calls down the wrath of Beogh upon you.
Pain shoots through your body!
You die...

.....## ###########
...### #.........#
.#.# #.........#
.#.# #.........#
##.## #.........#
)...# #......o>.#
###.### ###.#.#g###
###...# #.#.#o#
...#..### #...#@#
...#....####..##.#
...#.##.##...###.#
...#.....#.#.# #.#
.######....#.# #.#
.# #....#)# #.# .#
##..##.# #.## .#
#..##.# #..#
.#######.###.####.#


You could see 2 orc priests and a hobgoblin.

Vanquished Creatures
  4 gnolls
  An adder (D:2)
  4 endoplasms
  3 giant cockroaches
  5 goblins
  4 hobgoblins
  7 jackals (D:2)
  2 quokkas
  3 ball pythons (D:1)
  A bat (D:1)
  2 frilled lizards
  4 kobolds (D:1)
  7 rats
47 creatures vanquished.

Notes
Turn   | Place    | Note
-------+----------+-------------------------------------------
     0 | D:5      | tilp the Ogre Delver began the quest for the Orb.
     0 | D:5      | Reached XP level 1. HP: 24/24 MP: 1/1
    36 | D:3      | Noticed an orc priest
    36 | D:3      | Noticed an orc priest
   149 | D:2      | Reached XP level 2. HP: 32/32 MP: 2/2
   548 | D:1      | Found a faded altar of an unknown god.
   711 | D:1      | Reached XP level 3. HP: 39/39 MP: 3/3
  1463 | D:1      | Reached XP level 4. HP: 26/48 MP: 4/4
  1754 | D:2      | Found a shimmering altar of Xom.
  2248 | D:2      | Noticed Sigmund
  2303 | D:2      | Killed from afar by an orc priest

Illustrated notes

Levels and vault maps discovered:
D:1:      roderic_crossed_star, layout_loops_ring,
          shapermc_ecumenical_altar_mp_ritualfount
D:2:      layout_rooms, basic_altar, serial_curves, eino_curves_03,
          eino_curves_03, chequers_serial_rivers_large_a,
          chequers_serial_rivers_micro_b, minivault_19, skrybe_limestone_x,
          solitary_fountain, uniq_sigmund
D:3:      cheibrodos_pilgrimage, layout_rooms, hangedman_decor_push
D:4:      layout_gridville
D:5:      layout_rooms, minmay_misc_feat_cross

Skill      XL: |  1  2  3  4 |
---------------+-------------+-----
Maces & Flails | 2 3 4 |  4.1
Fighting       | |  4.1
Dodging        | |  1.9
Stealth        | |  3.7

Action                   |  1- 3 |  4- 6 || total
-------------------------+-------+-------++-------
Melee: Mace              |    10 |       ||    10
       Flail             |    76 |    49 ||   125
  Use: Scroll            |     3 |       ||     3
       Potion            |     1 |       ||     1
 Stab: Sleeping          |     8 |     3 ||    11
Armor: Robe              |    21 |     9 ||    30
Dodge: Dodged            |    39 |    15 ||    54
